 Dungeon Crawl Stone Soup version 0.23.2-30-g0e89c35649 (webtiles) character file.

Game seed: 16032996155652195943

1006 oros the Chopper (level 8, 43/61 HPs)
             Began as a Demonspawn Gladiator on June 15, 2019.
             Was a Believer of Okawaru.
             Quit the game on level 5 of the Dungeon.
             The game lasted 00:09:49 (4703 turns).

oros the Chopper (Demonspawn Gladiator)             Turns: 4703, Time: 00:09:49

Health: 43/61      AC: 13    Str: 17    XL:     8   Next: 0%
Magic:  10/10      EV: 11    Int:  9    God:    Okawaru [**....]
Gold:   285        SH:  0    Dex: 15    Spells: 7/7 levels left

rFire    . . .     SeeInvis +   a - +1 war axe
rCold    . . .     Gourm    .   (no shield)
rNeg     . . .     Faith    .   r - +1 scale mail
rPois    .         Spirit   .   (helmet restricted)
rElec    .         Reflect  .   (no cloak)
rCorr    +         Harm     .   k - +0 pair of gloves
MR       .....                  (no boots)
Stlth    +.........             (no amulet)
HPRegen  0.20/turn              c - ring of see invisible
MPRegen  0.12/turn              (no ring)

@: mildly poisoned (43 -> 42)
A: horns 1, yellow scales 3, nightstalker 1
a: Heroism, Renounce Religion


You were on level 5 of the Dungeon.
You worshipped Okawaru.
Okawaru was pleased with you.
You were not hungry.

You visited 2 branches of the dungeon, and saw 6 of its levels.
You also visited: Sewer.

You collected 285 gold pieces.

Inventory:

Hand Weapons
 a - a +1 war axe (weapon)
Missiles
 p - 2 tomahawks of dispersal (quivered)
Armour
 k - a +0 pair of gloves (worn)
 r - a +1 scale mail (worn)
Jewellery
 b - an uncursed ring of ice
 c - a ring of see invisible (left hand)
 o - an uncursed ring of positive energy {unknown}
Wands
 n - a wand of disintegration (15)
Scrolls
 i - 2 scrolls of blinking
 l - 5 scrolls of teleportation
 m - a scroll of identify
 q - 2 scrolls of amnesia
Potions
 e - 5 potions of curing
 g - a potion of lignification
 h - a potion of agility
 j - 2 potions of haste {unknown}
 s - 2 potions of berserk rage {unknown}
 t - 4 potions of flight
 u - a potion of heal wounds {unknown}
Comestibles
 f - 13 rations


   Skills:
 * Level 4.6 Fighting
 + Level 5.5 Axes
 - Level 1.7 Throwing
 * Level 3.5 Armour
 + Level 3.6 Dodging
 * Level 3.1 Invocations
 * Level 2.4 Evocations


You had 7 spell levels left.
You didn't know any spells.
Your spell library was empty.

Dungeon Overview and Level Annotations

Branches:
Dungeon (5/15)             Temple (1/1) D:4

Altars:
Fedhas
Nemelex Xobeh
Okawaru
Ru
Sif Muna
Wu Jian
Yredelemnul

Annotations:
D:3 2 transporters
D:5 4 runed translucent doors


Innate Abilities, Weirdness & Mutations

You have a pair of small horns on your head.
You are completely covered in yellow scales. (AC +4, rCorr)
You are slightly more attuned to the shadows.


Message History

The adder bites you.
You are poisoned.
The adder poisons you! The adder closely misses you.
You closely miss the adder. Your headbutt misses the adder.
The adder is almost dead.
You feel sick. The adder barely misses you.
The adder bites you but does no damage.
You closely miss the adder.
The adder is almost dead.
The adder bites you.
You miss the adder.
The adder is almost dead.
You feel sick.
The adder bites you but does no damage. x2
You barely miss the adder. You headbutt the adder.
You kill the adder!
Okawaru accepts your kill.
You have reached level 8!
You feel agile.
Your demonic ancestry asserts itself...
You slip into the darkness of the dungeon.
Are you sure you want to abandon this character and quit the game? (Confirm with "yes".)

#.......# #.........#
#.......# #.###†###.#
#.......# #.#.....#.#
#.......####.#.#...#.#
#.....................
#............#......)#
#...................##
#####'#.............##
#@#####.........## #)#
##'######### #'# ... #
... ...# #### .>. ....
..... #.. ..... #..
....... #.. #..


There were no monsters in sight!

Vanquished Creatures
  The ghost of PentaManta the Chopper, a novice GrFi of Okawaru (D:4)
  Menkaure (D:5)
  An ogre (D:5)
  A big kobold (Sewer)
  Blork the orc (D:5)
  A scorpion (D:5)
  A crimson imp (D:5)
  A bullfrog zombie (D:5)
  2 hounds
  An orc wizard (D:5)
  Jessica (D:2)
  4 adders
  A river rat (Sewer)
  3 oozes
  An adder skeleton (D:4)
  6 worms
  A dart slug (D:1)
  9 leopard geckos
  7 orcs
  6 giant cockroaches
  13 goblins
  5 hobgoblins
  10 jackals
  12 kobolds
  A quokka (D:4)
  3 ball pythons
  7 bats
  5 frilled lizards
  A jackal skeleton (D:4)
  10 rats
117 creatures vanquished.

Notes
Turn   | Place    | Note
-------+----------+-------------------------------------------
     0 | D:1      | oros the Demonspawn Gladiator began the quest for the Orb.
     0 | D:1      | Reached XP level 1. HP: 16/16 MP: 1/1
    90 | D:1      | Gained mutation: You are partially covered in yellow
                  | scales. (AC +2) [demonic ancestry]
    90 | D:1      | Reached XP level 2. HP: 17/22 MP: 2/2
   116 | D:1      | Reached skill level 3 in Axes
   902 | D:1      | Gained mutation: You are mostly covered in yellow scales.
                  | (AC +3) [demonic ancestry]
   902 | D:1      | Reached XP level 3. HP: 25/27 MP: 3/3
  1076 | D:1      | Reached skill level 1 in Armour
  1570 | D:2      | Found a blossoming altar of Fedhas.
  1596 | D:2      | Reached XP level 4. HP: 27/34 MP: 4/4
  2316 | D:2      | Noticed Jessica
  2321 | D:2      | Killed Jessica
  2598 | D:3      | Gained mutation: You have a pair of small horns on your
                  | head. [demonic ancestry]
  2598 | D:3      | Reached XP level 5. HP: 41/41 MP: 5/5
  2744 | D:3      | Found a transporter.
  2804 | D:3      | Found a transporter.
  2938 | D:3      | Reached skill level 4 in Axes
  3213 | D:4      | Found a runed translucent door.
  3213 | D:4      | Noticed PentaManta's ghost (novice GrFi)
  3268 | D:4      | Found a staircase to the Ecumenical Temple.
  3280 | Temple   | Entered the Ecumenical Temple
  3299 | Temple   | Became a worshipper of Warmaster Okawaru
  3354 | D:4      | Found a basalt altar of Yredelemnul.
  3599 | D:4      | Found a glowing drain.
  3620 | Sewer    | Entered a sewer
  3716 | Sewer    | Reached skill level 1 in Evocations
  3716 | Sewer    | Reached XP level 6. HP: 40/47 MP: 6/6
  3737 | Sewer    | Found a glowing silver altar of Zin.
  3921 | D:4      | Killed PentaManta's ghost
  3921 | D:4      | Reached * piety under Okawaru
  3921 | D:4      | Reached skill level 1 in Invocations
  3921 | D:4      | Gained mutation: You are completely covered in yellow
                  | scales. (AC +4, rCorr) [demonic ancestry]
  3921 | D:4      | Reached XP level 7. HP: 34/54 MP: 6/8
  4049 | D:5      | Entered Level 5 of the Dungeon
  4079 | D:5      | Noticed Menkaure
  4085 | D:5      | Killed Menkaure
  4085 | D:5      | Reached skill level 5 in Axes
  4139 | D:5      | Found a runed translucent gate.
  4146 | D:5      | Found a runed translucent gate.
  4146 | D:5      | Found a runed translucent door.
  4156 | D:5      | Found the +9 staff of Olgreb {rPois}
  4157 | D:5      | Noticed Blork the orc
  4159 | D:5      | Found a runed translucent door.
  4169 | D:5      | Killed Blork the orc
  4458 | D:5      | Reached ** piety under Okawaru
  4702 | D:5      | Gained mutation: You are slightly more attuned to the
                  | shadows. [demonic ancestry]
  4702 | D:5      | Reached XP level 8. HP: 43/61 MP: 10/10
  4703 | D:5      | Quit the game

Skill      XL: |  1  2  3  4  5  6  7 |
---------------+----------------------+-----
Axes           | 3 4 5 |  5.5
Dodging        | 3 |  3.6
Armour         | 1 2 3 |  3.5
Fighting       | 3 4 |  4.6
Evocations     | 1 2 |  2.4
Invocations    | 1 3 |  3.1
Throwing       | |  1.7

Action                   |  1- 3 |  4- 6 |  7- 9 || total
-------------------------+-------+-------+-------++-------
Melee: War axe           |   129 |   155 |    56 ||   340
       Headbutt          |       |    20 |    16 ||    36
Throw: Throwing net      |     2 |     2 |     1 ||     5
       Tomahawk          |       |     1 |       ||     1
  Use: Scroll            |     4 |     8 |       ||    12
       Potion            |       |     1 |       ||     1
 Stab: Sleeping          |       |     1 |       ||     1
  Eat: Chunk             |     2 |     8 |     3 ||    13
Armor: Leather armour    |    63 |    34 |       ||    97
       Scale mail        |       |    50 |    29 ||    79
Dodge: Dodged            |   141 |   116 |    30 ||   287
